Map: Overgrown Facility

Players

Koelsch

  • Race: Terran Terran
  • Spawn Location: 7:00

Arthur

  • Race: Zerg Zerg
  • Spawn Location: 9:00

LOADBLASTER - Winner!

  • Race: Terran Terran
  • League: Grandmaster
  • Spawn Location: 1:00

PureLegacy - Winner!

  • Race: Terran Terran
  • Spawn Location: 3:00

VOD

Have the link to the VOD?

Description

Time

  • Played on: Nov. 30, 2018, 4:45 p.m.
  • Length: 10:52
Show
View Real Time Build Order
Export as new Build Order

Koelsch Terran 

Build Orders:  

Get SALT Encoding   

  12  0:00  SCV  
  13  0:13  SCV  
  14  0:18  Supply Depot  
  14  0:25  SCV  
  15  0:29  Refinery  
  15  0:40  SCV  
  16  0:46  Barracks  
  16  0:52  SCV  
  18  1:04  SCV  
  18  1:07  Refinery  
  18  1:16  SCV  
  19  1:32  Orbital Command  
  19  1:33  Reaper  
  20  1:44  Factory  
  20  1:53  Supply Depot  
  20  1:58  SCV  
  21  2:06  Reaper  
  22  2:10  SCV  
  23  2:23  SCV  
  23  2:28  Hellion  
  26  2:32  Starport  
  26  2:38  Reaper  
  26  2:41  SCV  
  30  2:51  Hellion  
  30  2:55  Supply Depot, SCV  
  31  3:16  Reaper  
  31  3:17  Hellion  
  34  3:20  Viking  
  36  3:28  Command Center  
  36  3:38  Factory Tech Lab  
  36  3:43  Engineering Bay  
  36  3:54  Barracks Reactor  
  36  3:56  Siege Tank  
  36  4:02  Supply Depot  
  39  4:11  Supply Depot  
  39  4:13  Missile Turret  
  39  4:23  SCV  
  40  4:29  Viking  
  42  4:36  SCV  
  43  4:48  SCV  
  43  4:49  Orbital Command  
  43  4:50  Missile Turret  
  43  4:52  Marine x2  
  46  5:03  Siege Tank  
  49  5:17  SCV x2  
  50  5:29  Viking  
  52  5:36  SCV x2  
  52  5:39  Siege Tank  
  52  5:40  Barracks x2  
  57  5:48  SCV x2  
  59  5:56  Marine x2  
  56  6:07  Starport Reactor, SCV  
  56  6:09  SCV  
  56  6:10  Terran Infantry Weapons Level 1  
  56  6:13  Refinery x2  
  56  6:15  Marine x2  
  56  6:18  Siege Tank  
  61  6:19  SCV  
  61  6:21  SCV  
  63  6:39  Barracks Tech Lab x2  
  63  6:41  SCV x2  
  63  6:45  Command Center  
  65  6:47  Medivac, Supply Depot  
  65  6:52  Medivac  
  65  6:53  SCV  
  70  6:57  Stimpack  
  70  6:59  Combat Shield  
  70  7:07  Supply Depot  
  70  7:08  Marine x2, SCV x2  
  70  7:10  Siege Tank  
  70  7:13  Marine  
  78  7:16  Marine  
  77  7:24  SCV  
  77  7:29  Medivac x2  
  81  7:30  Marine x2  
  81  7:31  Marine  
  81  7:35  Supply Depot  
  84  7:41  Barracks  
  84  7:43  Barracks  
  84  7:48  Siege Tank  
  85  7:58  SCV  
  85  7:59  SCV  
  85  8:01  Marine x4  
  85  8:02  Supply Depot  
  85  8:04  Supply Depot  
  91  8:07  Orbital Command  
  91  8:16  Medivac x2  
  91  8:18  Terran Infantry Armor Level 1  
  95  8:27  Marine x3  
  95  8:31  SCV x2  
  95  8:44  Orbital Command  
  95  8:45  Marine x2  
  95  8:46  Barracks Reactor x2  
  95  8:47  SCV x2  
  84  8:55  Marine x2  
  86  8:56  Medivac x2  
  86  8:59  SCV x2  
  86  9:00  Siege Tank  
  95  9:02  Marine  
  95  9:03  Marine  
  97  9:10  SCV  
  97  9:11  SCV x2  
  97  9:12  Marine  
  97  9:13  Marine  
  97  9:14  Sensor Tower  
  97  9:15  Supply Depot  
  102  9:20  Marine  
  102  9:21  Marine  
  104  9:29  Marine x4  
  104  9:30  Marine x2  
  110  9:38  Marine  
  108  9:39  Medivac, Marine  
  108  9:47  Marine x4  
  108  9:48  Marine x2  
  112  9:56  Marine x2  
  113  10:05  Marine x4  
  113  10:06  Marine x2  
  107  10:14  Marine x2  
  103  10:15  SCV x2  
  106  10:22  Marine  
  106  10:23  Marine x3  
  106  10:24  Marine x2  
  112  10:32  Marine x2  
Show
View Real Time Build Order
Export as new Build Order

Arthur Zerg 

Build Orders: Hatch First 

Get SALT Encoding   

  12  0:00  Drone  
  13  0:08  Drone  
  14  0:17  Overlord  
  14  0:25  Drone, Extractor  
  15  0:37  Drone x2  
  17  0:54  Hatchery  
  17  0:57  Drone  
  17  1:00  Drone  
  18  1:05  Drone  
  18  1:09  Extractor  
  18  1:21  Spawning Pool  
  18  1:22  Drone  
  18  1:27  Drone  
  19  1:38  Overlord  
  19  1:49  Drone  
  20  2:05  Drone  
  20  2:08  Queen x2  
  21  2:12  Roach Warren  
  24  2:15  Zergling x2  
  24  2:18  Zergling x2  
  26  2:28  Drone x3  
  29  2:34  Overlord  
  29  2:54  Roach x4  
  37  3:00  Overlord  
  36  3:08  Roach  
  37  3:14  Ravager x2  
  37  3:16  Drone x2  
  41  3:24  Roach  
  43  3:29  Drone x4  
  43  3:30  Drone  
  48  3:35  Spore Crawler  
  47  3:42  Overlord  
  47  3:47  Drone x2  
  47  3:48  Spore Crawler  
  48  3:54  Ravager  
  49  4:03  Hatchery  
  49  4:06  Drone  
  49  4:18  Drone x2, Extractor  
  49  4:19  Drone x2  
  49  4:21  Ravager  
  53  4:24  Drone x2  
  53  4:25  Drone  
  53  4:30  Queen  
  51  4:44  Drone x2  
  53  4:46  Drone  
  53  4:50  Lair  
  54  5:00  Spore Crawler  
  54  5:06  Drone x4  
  54  5:07  Drone x3  
  60  5:27  Queen  
  62  5:31  Spore Crawler x2  
  62  5:32  Drone, Extractor  
  62  5:33  Drone x3  
  64  5:42  Drone  
  64  5:43  Drone x2  
  64  5:44  Drone, Evolution Chamber x2  
  61  6:04  Drone x3  
  64  6:13  Zerg Missile Weapons Level 1, Zerg Ground Armor Level 1  
  64  6:14  Drone  
  64  6:15  Drone, Glial Reconstitution  
  64  6:16  Overlord x2  
  64  6:36  Hatchery  
  64  6:39  Roach x4  
  75  6:40  Roach x2  
  75  6:50  Overseer  
  75  6:52  Overlord  
  75  6:54  Overlord, Hatchery  
  74  7:16  Overlord  
  74  7:18  Overlord x2  
  74  7:30  Roach  
  74  7:34  Overlord x3  
  74  7:36  Roach  
  78  7:37  Roach x6  
  90  7:49  Queen  
  92  7:54  Roach x4  
  92  7:55  Roach  
  102  8:02  Roach x3  
  102  8:05  Ravager x4  
  112  8:15  Roach x4  
  118  8:39  Roach x5  
  118  8:41  Overlord x3  
  128  8:59  Roach x7  
  128  9:00  Roach  
  128  9:02  Ravager  
  145  9:08  Ravager  
  146  9:10  Roach  
  146  9:13  Roach  
  146  9:16  Overlord x2  
  150  9:37  Roach x8  
  157  10:10  Roach  
  157  10:11  Roach x4  
Show
View Real Time Build Order
Export as new Build Order

LOADBLASTER Terran - Winner!

Build Orders: Hellion Banshee, Mech 

Get SALT Encoding   

  12  0:00  SCV  
  13  0:12  SCV  
  14  0:18  Supply Depot  
  14  0:24  SCV  
  15  0:29  Refinery  
  15  0:40  SCV  
  16  0:46  Barracks  
  16  0:52  SCV  
  17  1:04  SCV  
  18  1:16  SCV  
  19  1:33  Marine  
  19  1:34  Orbital Command  
  19  1:35  Factory  
  20  1:51  Barracks Reactor  
  20  2:00  Supply Depot  
  20  2:01  SCV  
  21  2:17  Command Center  
  21  2:27  SCV  
  22  2:34  Hellion  
  22  2:35  Hellion  
  26  2:40  Starport  
  26  2:44  Barracks Tech Lab  
  26  2:46  SCV  
  26  2:56  Hellion x2  
  30  3:02  SCV  
  31  3:25  Command Center  
  31  3:29  Banshee  
  34  3:36  Orbital Command  
  34  3:39  SCV  
  35  3:44  Hellion  
  37  3:51  SCV  
  38  3:59  Hellion  
  40  4:03  SCV x2  
  42  4:12  Viking  
  42  4:13  Refinery  
  42  4:15  SCV  
  45  4:19  SCV  
  45  4:22  Supply Depot  
  46  4:36  SCV x2  
  46  4:37  Hellion x2  
  52  4:45  Orbital Command  
  52  4:48  Armory  
  52  4:50  SCV  
  53  4:54  SCV  
  56  5:01  Refinery x2  
  56  5:05  SCV  
  59  5:08  SCV  
  56  5:17  SCV x2  
  58  5:21  Barracks Tech Lab  
  58  5:23  Factory, SCV  
  58  5:25  Factory  
  59  5:29  SCV  
  59  5:31  Starport Reactor  
  59  5:32  Supply Depot  
  59  5:35  SCV  
  61  5:37  Terran Vehicle Weapons Level 1  
  61  5:39  SCV  
  61  5:42  SCV  
  63  5:47  SCV  
  62  5:51  SCV  
  63  5:59  SCV, Orbital Command  
  63  6:00  Siege Tank  
  63  6:02  Supply Depot  
  63  6:03  SCV  
  68  6:04  Supply Depot  
  68  6:11  SCV  
  69  6:14  Viking x2  
  69  6:15  SCV  
  74  6:23  SCV  
  75  6:26  Factory  
  75  6:27  Factory, SCV x2  
  75  6:31  Siege Tank  
  80  6:35  SCV  
  80  6:37  Refinery  
  80  6:38  Refinery  
  80  6:39  SCV  
  82  6:40  SCV  
  83  6:47  SCV  
  83  6:48  Viking  
  83  6:51  SCV  
  83  6:53  Viking, SCV  
  90  6:58  Supply Depot  
  90  6:59  SCV  
  91  7:03  SCV  
  91  7:06  SCV  
  91  7:07  Siege Tank  
  96  7:11  Factory Tech Lab, SCV  
  96  7:12  Factory Reactor  
  97  7:15  SCV  
  97  7:18  SCV  
  102  7:23  SCV  
  102  7:27  SCV  
  102  7:29  Supply Depot  
  101  7:30  SCV  
  101  7:31  Supply Depot  
  101  7:32  Siege Tank  
  101  7:36  SCV  
  106  7:37  Engineering Bay  
  106  7:38  Thor  
  109  7:47  Infernal Pre-Igniter  
  109  7:50  Supply Depot, SCV x3  
  112  7:51  Supply Depot  
  112  7:54  Siege Tank  
  115  8:03  Terran Vehicle Weapons Level 2  
  115  8:04  Siege Tank  
  118  8:06  Sensor Tower  
  118  8:08  Hellion  
  118  8:12  Supply Depot  
  120  8:14  Supply Depot  
  120  8:19  Hellion x2  
  124  8:21  Siege Tank  
  124  8:22  Supply Depot  
  124  8:26  Siege Tank  
  124  8:27  Hellion  
  132  8:40  Command Center  
  132  8:45  Siege Tank  
  132  8:46  Hellion  
  137  8:49  Hellion  
  137  8:52  Viking  
  137  8:53  Siege Tank  
  137  8:54  Hellion  
  146  8:58  Supply Depot  
  146  8:59  Hellion  
  148  9:04  Viking  
  148  9:06  Missile Turret  
  150  9:14  Missile Turret  
  150  9:15  Missile Turret  
  150  9:19  Missile Turret  
  150  9:22  Missile Turret, Viking  
  150  9:23  Siege Tank  
  155  9:25  Hellion  
  155  9:27  Hellion  
  159  9:38  Siege Tank  
  159  9:39  Hellion  
  159  9:40  Viking  
  159  9:45  Supply Depot  
  166  9:46  Supply Depot  
  166  9:54  Hellion, Siege Tank  
  166  9:55  Viking  
  166  9:57  Hellion  
  177  10:00  Hellion  
  177  10:02  Hellion  
  179  10:10  Viking  
  179  10:11  Siege Tank  
  182  10:14  Siege Tank  
  183  10:22  Hellion  
  183  10:27  Hellion  
Show
View Real Time Build Order
Export as new Build Order

PureLegacy Terran - Winner!

Build Orders:  

Get SALT Encoding   

  12  0:03  SCV  
  13  0:15  SCV  
  13  0:19  Supply Depot  
  14  0:27  SCV  
  15  0:31  Refinery  
  15  0:40  SCV  
  16  0:47  Barracks  
  16  0:53  SCV  
  17  1:06  Barracks  
  17  1:21  Barracks  
  17  1:24  SCV  
  18  1:35  Reaper  
  19  1:44  Orbital Command  
  19  1:55  Refinery, Reaper  
  20  2:04  Supply Depot  
  20  2:07  Reaper  
  21  2:13  Reaper  
  22  2:18  SCV  
  23  2:29  Supply Depot, Reaper  
  24  2:36  SCV  
  25  2:39  Reaper  
  26  2:46  Reaper  
  27  2:52  SCV  
  28  3:01  Reaper  
  29  3:08  SCV  
  29  3:11  Reaper  
  31  3:20  Reaper  
  31  3:21  Command Center  
  31  3:25  SCV  
  33  3:34  Reaper  
  33  3:39  Engineering Bay  
  33  3:41  SCV  
  35  3:48  Reaper  
  36  3:54  SCV  
  38  4:09  Supply Depot  
  39  4:22  Barracks Reactor, Barracks Tech Lab  
  39  4:23  Barracks Reactor  
  37  4:26  Factory  
  37  4:41  Orbital Command  
  37  4:43  SCV  
  37  4:45  Command Center  
  37  4:48  Stimpack  
  37  4:55  SCV  
  38  5:00  Marine  
  38  5:01  Marine x4  
  43  5:11  SCV  
  43  5:24  Marine x4  
  43  5:27  Marine  
  46  5:29  Factory Reactor, Starport  
  46  5:31  SCV  
  46  5:32  SCV  
  48  5:42  Marine x4  
  52  5:45  Marine  
  52  5:48  SCV x2  
  55  6:06  Marine x5  
  55  6:09  Orbital Command  
  58  6:11  SCV x2  
  58  6:15  Factory Tech Lab, Medivac x2  
  64  6:26  SCV x2  
  64  6:27  Engineering Bay  
  63  6:34  SCV  
  63  6:36  Siege Tank  
  63  6:38  SCV  
  63  6:39  Refinery x2  
  65  6:47  Barracks, SCV x2  
  67  6:48  Barracks  
  67  6:50  Marine x4  
  67  6:51  Marine  
  72  6:54  SCV  
  73  7:01  Terran Infantry Armor Level 1, Terran Infantry Weapons Level 1  
  73  7:02  SCV, Orbital Command  
  73  7:07  SCV  
  75  7:13  Supply Depot x3  
  75  7:16  Combat Shield  
  75  7:20  SCV  
  76  7:29  SCV  
  77  7:34  Armory, SCV x2, Siege Tank  
  77  7:36  Barracks Reactor x2  
  82  7:41  SCV  
  83  7:45  Supply Depot  
  75  7:53  Marine x3  
  75  7:54  Marine x2  
  75  7:56  Medivac x2  
  75  7:57  SCV x3  
  85  8:09  SCV x3  
  88  8:15  Marine x9  
  88  8:17  Supply Depot  
  97  8:21  SCV x2  
  97  8:24  SCV  
  97  8:26  Refinery  
  100  8:27  Refinery  
  100  8:28  Factory  
  100  8:30  Terran Vehicle Weapons Level 1  
  91  8:47  Medivac x2  
  91  8:49  SCV  
  91  8:51  SCV  
  91  8:52  Barracks  
  91  8:53  Barracks, SCV  
  94  9:01  SCV  
  95  9:03  SCV  
  95  9:05  SCV  
  97  9:11  Marine x7  
  97  9:12  Marine  
  97  9:14  Supply Depot, SCV  
  106  9:18  Siege Tank  
  106  9:19  Factory Tech Lab  
  106  9:22  Supply Depot  
  109  9:36  Marine x4  
  113  9:40  Barracks Reactor x2  
  113  9:42  Marine x4, Siege Tank  
  120  9:51  Siege Tank  
  120  9:52  Marine  
  120  9:54  Marine  
  120  9:58  Marine x3  
  118  10:04  Marine  
  118  10:06  Medivac  
  118  10:07  Medivac  
  100  10:16  Siege Tank, Command Center  
  100  10:17  Supply Depot  
  100  10:20  Marine  
  100  10:21  Marine  
  102  10:33  Marine  
Tags
 
Add a new tag
Caveats
  • Supply blocks, unpowered buildings, or Contaminate may cause inaccurate times.
  • Supply counts are checked every 10 seconds.